 Dungeon Crawl Stone Soup version 0.18-a0-987-g0b0e4e7 (webtiles) character file.

204229 4thArraOfDagon the Harbinger of Death (level 17, -9/128 HPs)
             Began as a Demonspawn Air Elementalist on Jan 3, 2016.
             Was a High Priest of Yredelemnul.
             Mangled by an acid blob (21 damage)
             ... created by the Royal Jelly
             ... on level 6 of the Pits of Slime.
             The game lasted 03:05:34 (21184 turns).

4thArraOfDagon the Harbinger of Death (DsAE)       Turns: 21184, Time: 03:05:34

Health: -9/128     AC:  5    Str: 12 (13) XL:     17   Next: 50%
Magic:  9/27       EV: 21    Int: 28 (29) God:    Yredelemnul [*****.]
Gold:   924        SH:  7    Dex: 15 (16) Spells: 7 memorised, 7 levels left

rFire  . . .     SeeInvis .     I - +6 falchion of Jeeg {elec, *Noise Int+9}
rCold  + . .     Gourm    .     S - +1 leather armour of the Alphagorgon {rPois rN+}
rNeg   + . .     Faith    .     W - +2 buckler {reflect}
rPois  +         Spirit   .     E - +1 helmet
rElec  .         Dismiss  .     w - +0 cloak
rCorr  +         Reflect  +     f - +1 pair of gloves
SustAt .         Harm     .     (boots unavailable)
MR     ++...                    L - amulet of resist corrosion
Stlth  +++.......               G - +3 ring of protection
                                p - ring of protection from magic

@: mighty, corroded equipment, very resistant to hostile enchantments, fairly
stealthy
A: hooves 3, repulsion field 2, blurry vision 2, cold resistance 1, deformed
body, deterioration 1, dopey 1, low mp 1, nightstalker 2, powered by pain 2,
slow regeneration 1, MP-powered wands
a: Recall Undead Slaves, Injury Mirror, Animate Dead, Drain Life, Enslave Soul,
Renounce Religion
}: 2/15 runes: barnacled, gossamer


You were on level 6 of the Pits of Slime.
You worshipped Yredelemnul.
Yredelemnul was extremely pleased with you.
You were not hungry.

You visited 7 branches of the dungeon, and saw 40 of its levels.

You collected 2284 gold pieces.
You spent 1360 gold pieces at shops.

Inventory:

Hand Weapons
 d - the +6 blowgun of the Butterfly {evade, rC+ Str+3 Stlth+}
   (You found it on level 4 of the Spider Nest)

   It affects your evasion (+5 to EV).
   It affects your strength (+3).
   It protects you from cold.
   It makes you more stealthy.
 i - a +6 demon blade of venom
 I - the +6 falchion of Jeeg (weapon) {elec, *Noise Int+9}
   (You bought it in a shop on level 7 of the Dungeon)

   Occasionally, upon striking a foe, it will discharge some electrical energy
   and cause terrible harm.
   It affects your intelligence (+9).
   It may make noises in combat.
Missiles
 C - 7 curare-tipped needles
 J - 2 throwing nets (quivered)
Armour
 f - a +1 pair of gloves (worn)
 w - a +0 cloak (worn)
 E - a +1 helmet (worn)
 S - the +1 leather armour of the Alphagorgon (worn) {rPois rN+}
   (You found it on level 8 of the Lair of Beasts)

   It protects you from poison.
   It protects you from negative energy.
 W - a +2 buckler of reflection (worn)
Magical Staves
 n - an uncursed staff of energy {!a}
 O - an uncursed staff of air
Jewellery
 m - an uncursed ring of see invisible
 p - a ring of protection from magic (left hand)
 y - an uncursed ring of teleportation
 D - an uncursed amulet of regeneration
 G - a +3 ring of protection (right hand)
 L - an amulet of resist corrosion (around neck)
 T - a +4 ring of intelligence
 U - an uncursed ring of protection from fire
Wands
 o - a wand of invisibility (6/9)
 s - a wand of disintegration (10/24)
 B - a wand of draining (3/15)
Scrolls
 t - 5 scrolls of magic mapping
 u - a scroll of enchant armour
 v - a scroll of blinking
 A - 3 scrolls of fear
 F - 4 scrolls of teleportation
 H - 2 scrolls of remove curse
 Q - 4 scrolls of immolation
 R - 2 scrolls of identify
 X - a scroll of fog
 Z - 2 scrolls of recharging
Potions
 a - a potion of cancellation
 g - a potion of beneficial mutation
 j - 5 potions of ambrosia
 k - 2 potions of haste
 l - a potion of might
 q - 3 potions of heal wounds
 x - 4 potions of agility
 z - 4 potions of brilliance
Books
 e - a book of Enchantments

   Spells                             Type                      Level
   a - Cause Fear                     Hexes                        4
   b - Yara's Violent Unravelling     Hexes/Transmutation          5
   c - Silence                        Hexes/Air                    5
   d - Deflect Missiles               Charms/Air                   6
   e - Haste                          Charms                       6
   f - Discord                        Hexes                        8
Miscellaneous
 b - a fan of gales (inert)
 N - a phial of floods (inert)
 V - a plain deck of summoning {drawn: 5}
 Y - a box of beasts {used: 12}
Comestibles
 c - 11 bread rations
 h - 13 meat rations
 M - 5 royal jellies


   Skills:
 - Level 10.1 Fighting
 * Level 14.9 Long Blades
 + Level 9.8 Armour
 - Level 10.0 Dodging
 - Level 1.7 Stealth
 - Level 5.5 Shields
 - Level 4.6 Spellcasting
 - Level 4.0 Conjurations
 - Level 3.0 Hexes
 - Level 2.6 Charms
 - Level 5.2 Transmutations
 - Level 4.0 Fire Magic
 - Level 4.3 Air Magic
 - Level 5.2 Earth Magic
 * Level 18.9 Invocations
 - Level 5.2 Evocations


You had 7 spell levels left.
You knew the following spells:

 Your Spells              Type           Power        Failure   Level  Hunger
a - Regeneration          Chrm/Necr      ##........   14%         3    #......
b - Repel Missiles        Chrm/Air       ####..       3%          2    None
c - Swiftness             Chrm/Air       ####....     3%          2    None
e - Stoneskin             Trmt/Erth      #####...     1%          2    None
f - Song of Slaying       Chrm           ###.....     6%          2    None
g - Spectral Weapon       Hex/Chrm       ###.....     10%         3    #......
h - Sticky Flame          Conj/Fire      ####....     17%         4    ###....


Dungeon Overview and Level Annotations

Branches:
Dungeon (15/15)            Temple (1/1) D:4            Lair (8/8) D:11
 Shoals (4/4) Lair:3       Spider (4/4) Lair:5        Slime (6/6) Lair:6
    Orc (2/2) D:11            Elf (0/3) Orc:2
 Vaults: D:13-14     Depths: D:15

Altars:
Ashenzari
Cheibriados
Dithmenos
Elyvilon
Fedhas
Gozag
Kikubaaqudgha
Makhleb
Nemelex Xobeh
Pakellas
Qazlal
Ru
Sif Muna
Trog
Vehumet
Xom
Yredelemnul
Zin
The Shining One
Beogh
Jiyva

Shops:
D:7 (:   D:9 }   D:11 *=[(   Orc:1 [   Orc:2 ([[(%   Shoals:3 [

Annotations:
D:2 Jessica
D:9 WhatIsLove's ghost, novice FoFi
D:11 WhatIsLove's ghost, novice FoFi
D:13 WhatIsLove's ghost, novice FoFi
Lair:2 Fannar


Innate Abilities, Weirdness & Mutations

You have hooves in place of feet.
You are surrounded by a moderate repulsion field (EV +3).
You are significantly more attuned to the shadows.
You sometimes gain power by taking damage.
Scrolls take you longer to read.
Your flesh is cold resistant.
Armour fits poorly on your strangely shaped body.
Your body sometimes deteriorates upon taking damage.
You are dopey. (Int -2)
Your magical capacity is low (-10% MP).
You regenerate slowly when monsters are visible.
You expend magic power (3 MP) to strengthen your wands.


Message History

Evoke which item? (* to show all) (? for menu, Esc to quit)
Okay, then.
Drink which item? (? for menu, Esc to quit)
You feel much better. The acid blob spits acid at you.
Your +2 buckler of reflection reflects the splash of acid!
The splash of acid hits the acid blob.
The acid blob completely resists.
The acid blob hits you!!
* * * LOW HITPOINT WARNING * * *
You are splashed with acid!
The acid burns!
You resist.
* * * LOW HITPOINT WARNING * * *
Unknown command.
Drink which item? (? for menu, Esc to quit)
Okay, then.
Okay, then.
Unknown command.
Nothing appears to have answered your call.
You feel slightly more hungry. The acid blob hits you!!
You die...
Your body rises from the dead as a mindless zombie.

...............................
...............................
...............................
..............................
..........J...............
...............)..........
..........................
#.......................#.
##.#.........@J......###
####.##.............# ##
###.........### #..#.#...###
#####.##.# ## ###


You could see an acid blob and an azure jelly.

Vanquished Creatures
  the Royal Jelly (Slime:6)
  Saint Roka (Orc:2)
  14 acid blobs
  Ilsuiw (Shoals:4)
  4 azure jellies
  2 ghost moths (Spider:4)
  2 emperor scorpions (Spider:4)
  A spark wasp (Spider:4)
  A merfolk impaler (Shoals:4)
  A hydra (Lair:6)
  A centaur warrior (D:13)
  A merfolk aquamancer (Shoals:4)
  A catoblepas (Lair:7)
  A merfolk avatar (Shoals:1)
  A satyr (Shoals:3)
  8 death yaks
  Nergalle (D:10)
  An orc high priest (Orc:2)
  5 sea snakes
  5 hill giants
  4 lindwurms (Lair:2)
  Pikel (D:7)
  14 wolf spiders
  4 orb spiders
  2 deep elf magi
  5 harpies
  A shining eye (Slime:1)
  An orc sorcerer (Orc:1)
  5 griffons
  A water nymph (Shoals:4)
  A faun (Shoals:3)
  2 cyclopes
  A manticore (Shoals:4)
  3 hornets (Spider:4)
  Maurice (D:8)
  2 elephants (Lair:5)
  A moth of wrath (Spider:2)
  A black mamba (Lair:7)
  2 torpor snails (Spider:2)
  9 spiny frogs
  4 sirens
  6 komodo dragons
  An efreet (D:13)
  2 demonic crawlers (Spider:4)
  2 kobold demonologists (D:12)
  A tengu conjurer (D:11)
  4 trolls
  12 jumping spiders
  A harpy zombie (Shoals:1)
  9 merfolk
  2 polar bears (Lair:8)
  20 blink frogs
  3 two-headed ogres
  Prince Ribbit (D:7)
  23 slime creatures
  4 trapdoor spiders
  3 snapping turtles
  Sigmund (D:6)
  11 redbacks
  9 spriggans (Lair:8)
  2 wraiths (D:11)
  7 tarantellas
  A wyvern (D:8)
  Grum (D:10)
  15 yaks
  4 basilisks
  A hog (Spider:2)
  5 hippogriffs
  5 golden eyes (Slime:1)
  A steam dragon (D:8)
  2 hungry ghosts (D:11)
  19 wolves
  A vampire mosquito (D:11)
  Menkaure (D:7)
  A warg (Orc:2)
  2 soldier ants
  6 water moccasins
  21 orc warriors
  6 porcupines
  2 slaves (D:7)
  4 sky beasts
  3 wasps
  4 ogres
  3 black bears
  2 eyes of draining
  5 centaurs
  8 crocodiles
  4 big kobolds
  14 giant frogs
  A gnoll sergeant (D:8)
  2 scorpions
  A wyvern skeleton (D:7)
  3 killer bees (D:9)
  5 wights (D:7)
  7 crimson imps
  A giant frog zombie (D:9)
  A quasit (D:5)
  12 hounds
  Crazy Yiuf (D:4)
  A centaur skeleton (D:11)
  22 orc priests
  11 jellies
  A giant frog skeleton (D:13)
  4 iguanas
  7 worker ants
  18 orc wizards
  10 sheep
  3 hound skeletons
  Robin (D:4)
  A worker ant zombie (D:10)
  9 gnolls
  24 river rats
  7 adders
  A shadow imp (D:12)
  An adder zombie (D:9)
  2 adder skeletons
  6 worms
  7 giant geckos
  79 orcs
  A ball python (D:1)
  7 bats
  5 giant cockroaches
  7 goblins
  13 hobgoblins
  16 jackals
  26 kobolds
  3 quokkas
  5 giant newts
  6 rats
  A fungus (D:11)
  2 plants
724 creatures vanquished.

Vanquished Creatures (collateral kills)
  Mara (Spider:3)
  8 acid blobs
  7 azure jellies
  2 ghost moths
  Donald (Orc:2)
  An orc warlord (Orc:2)
  5 emperor scorpions
  A spark wasp (Spider:4)
  6 merfolk impalers
  2 death oozes (Slime:6)
  4 merfolk javelineers (Shoals:4)
  2 hydras
  2 entropy weavers (Spider:1)
  A merfolk avatar (Shoals:4)
  2 satyrs
  An ogre mage (D:11)
  A death yak (Lair:4)
  An orc high priest (Orc:2)
  Sonja (D:11)
  7 sea snakes
  A kraken simulacrum (Shoals:4)
  A hill giant (D:10)
  13 harpies
  7 orb spiders
  4 griffons
  16 wolf spiders
  4 manticores
  5 shining eyes
  An orc sorcerer (Orc:1)
  4 water nymphs
  5 fauns
  4 hornets
  A black mamba (Lair:6)
  2 moths of wrath
  3 elephants (Lair:5)
  6 sirens
  2 komodo dragons
  2 kobold demonologists (D:12)
  A troll (D:12)
  8 demonic crawlers
  A spriggan druid (Lair:8)
  13 merfolk
  13 jumping spiders
  A polar bear (Lair:8)
  A wind drake (Shoals:3)
  3 harpy zombies (Shoals:2)
  15 slime creatures
  3 blink frogs (Lair:4)
  2 snapping turtles (Shoals:4)
  A boulder beetle (Spider:1)
  A griffon zombie (Shoals:2)
  11 trapdoor spiders
  4 tarantellas
  2 water elementals
  15 redbacks
  2 hogs (Spider:2)
  A golden eye (Slime:1)
  A hungry ghost (Shoals:2)
  3 wargs (Orc:2)
  4 wolves
  2 water moccasins
  2 porcupines
  3 wasps
  2 ice beasts
  7 orc warriors
  A necrophage (D:10)
  3 eyes of draining
  An ogre (Orc:1)
  A centaur (Shoals:1)
  A big kobold (D:11)
  4 giant frogs
  2 hippogriff zombies (Shoals:2)
  5 jellies
  6 orc priests
  7 orc wizards
  An iguana (Lair:6)
  4 hell rats (Lair:7)
  4 sheep
  3 river rats
  2 oozes (Lair:6)
  A giant gecko (D:11)
  42 orcs
  3 bats (D:11)
  2 kobolds (D:11)
  A bush (Lair:5)
  3 fungi
  14 plants
370 creatures vanquished.

Vanquished Creatures (others)
  A profane servitor (Slime:6)
  A bone dragon (Slime:6)
  2 ghouls (Slime:6)
  4 vampire knights
  A merfolk javelineer (Shoals:3)
  A skeletal warrior (Slime:6)
  A spark wasp zombie (Spider:4)
  11 phantasmal warriors
  A harpy zombie (Shoals:1)
  6 wolf spider zombies
  A cyclops (Shoals:1)
  A wolf spider (Spider:4)
  A death yak zombie (Lair:7)
  6 merfolk zombies
  An emperor scorpion zombie (Spider:4)
  3 redback zombies (Spider:4)
  A moth of wrath zombie (Spider:4)
  2 trapdoor spider zombies
  2 demonic crawler zombies (Spider:4)
  4 hornet zombies (Spider:4)
  2 tarantella zombies
  6 jumping spider zombies (Spider:4)
  14 flying skulls
  A wraith (Orc:2)
  5 orb spider zombies (Spider:4)
  2 spiny frog zombies
  A slave (D:7)
  A snapping turtle zombie (Shoals:3)
  A vampire mosquito zombie (D:11)
  A komodo dragon zombie (Lair:8)
  A boulder beetle zombie (Spider:1)
  A wight (Orc:2)
  A wasp zombie (Spider:4)
  A wolf zombie (Lair:8)
  A centaur skeleton (Shoals:2)
  An orc wizard (D:7)
  2 ogre zombies (D:11)
  2 mummies
  A gnoll (D:8)
  A sheep zombie (Shoals:1)
  3 orcs
  An orc zombie (D:14)
  13 fungi
  12 plants
  22 spectral weapons
  4 tentacles (Shoals:4)
  308 tentacle segments (Shoals:4)
460 creatures vanquished.

Grand Total: 1554 creatures vanquished

Notes
Turn   | Place    | Note
--------------------------------------------------------------
     0 | D:1      | 4thArraOfDagon the Demonspawn Air Elementalist began the quest for the Orb.
     0 | D:1      | Reached XP level 1. HP: 13/13 MP: 3/3
     0 | D:1      | BLOAX: clearly just go for TeAs highscore
     0 | D:1      | bitch on the beac
    61 | D:1      | 4thArraOfDagon: this is must-win
   141 | D:2      | almost dead
   248 | D:1      | Gained mutation: You are surrounded by a mild repulsion field (EV +2). [demonic ancestry]
   248 | D:1      | Reached XP level 2. HP: 19/19 MP: 0/5
   293 | D:1      | Reached skill level 3 in Air Magic
   444 | D:1      | Learned a level 2 spell: Repel Missiles
   632 | D:2      | Gained mutation: You have large cloven feet. [demonic ancestry]
   632 | D:2      | Reached XP level 3. HP: 12/24 MP: 1/6
   676 | D:2      | Noticed Jessica
   914 | D:1      | Learned a level 2 spell: Swiftness
   962 | D:2      | Gained mutation: You have hoof-like feet. [demonic ancestry]
   962 | D:2      | Reached XP level 4. HP: 17/30 MP: 5/7
  1030 | D:3      | 4thArraOfDagon: so you got more?
  1030 | D:3      | 4thArraOfDagon: or
  1030 | D:3      | 4thArraOfDagon: is it just that single pirate woman
  1196 | D:3      | BLOAX: http://openxcom.org/forum/index.php/topic,4175.0.html m8 i have a whole thread
  1229 | D:4      | BLOAX: it's just the same base sprite with a whole bunch of different clothes
  1229 | D:4      | 4thArraOfDagon: yea
  1229 | D:4      | 4thArraOfDagon: think i should visit this forum/thread and read some stuff, quite amazing
  1229 | D:4      | 4thArraOfDagon: so you can basically
  1229 | D:4      | jacquesderrida: dany
  1229 | D:4      | 4thArraOfDagon: create your own mods?
  1229 | D:4      | jacquesderrida: dang
  1419 | D:3      | Reached skill level 4 in Air Magic
  1528 | D:4      | Found a staircase to the Ecumenical Temple.
  1533 | D:4      | BLOAX: perfectly timed disconnects (tm)
  1546 | Temple   | Entered the Ecumenical Temple
  1547 | Temple   | 4thArraOfDagon: fortunetly you have all conversation in log, i switched that recently
  1548 | Temple   | jacquesderrida: https://www.youtube.com/watch?v=azRiuBudWVc
  1553 | Temple   | Became a worshipper of Yredelemnul the Dark
  1554 | Temple   | jacquesderrida: That's for you bloax!
  1554 | Temple   | BLOAX: and yes openxcom is quite moddable
  1554 | Temple   | jacquesderrida: Show it in your class
  1577 | D:4      | Reached XP level 5. HP: 30/35 MP: 8/8
  1593 | D:4      | Learned a level 3 spell: Static Discharge
  1599 | D:4      | BLOAX: man i love the title
  1606 | D:4      | Noticed Crazy Yiuf
  1615 | D:4      | Killed Crazy Yiuf
  1626 | D:4      | BLOAX: there's just something truly goofy about writing russian pronounciation of english in russian
  1638 | D:4      | jacquesderrida: One big, nifty and well-structured compromat on putain's connections to mafia and thieves and other questionable social elements
  1644 | D:4      | jacquesderrida: heh
  1671 | D:4      | jacquesderrida: Ху из мистер путин?!
  1685 | D:4      | jacquesderrida: A thief!
  1705 | D:4      | jacquesderrida: A mediocrity!
  1711 | D:4      | Reached skill level 1 in Invocations
  1746 | D:4      | Noticed Robin
  1755 | D:4      | jacquesderrida: A product of human-eating social institution!
  1760 | D:4      | Killed Robin
  1761 | D:4      | BLOAX: a mediocre man
  1763 | D:4      | jacquesderrida: In other words -- huilo
  1765 | D:4      | BLOAX: compensating for his own mediocrity
  1804 | D:4      | jacquesderrida: He is too mediocre to compensate
  1893 | D:5      | Entered Level 5 of the Dungeon
  1917 | D:5      | Noticed a sky beast
  1938 | D:4      | jacquesderrida: truly mediocre man are not weighed down by their gray and plain skin
  1976 | D:5      | Reached skill level 1 in Fighting
  1984 | D:5      | jacquesderrida: men...
  1984 | D:5      | Reached XP level 6. HP: 37/43 MP: 9/9
  2045 | D:5      | Killed a sky beast
  2049 | D:5      | what its gonna be
  2049 | D:5      | Gained mutation: You expend magic power (3 MP) to strengthen your wands. [mutagenic meat]
  2050 | D:5      | Gained mutation: Scrolls take you a little longer to read. [mutagenic meat]
  2051 | D:5      | Gained mutation: You are dopey. (Int -2) [mutagenic meat]
  2052 | D:5      | Gained mutation: Armour fits poorly on your strangely shaped body. [mutagenic meat]
  2053 | D:5      | Gained mutation: Your flesh is cold resistant. [mutagenic meat]
  2054 | D:5      | Gained mutation: Your magical capacity is low (-10% MP). [mutagenic meat]
  2055 | D:5      | jacquesderrida: This was not a very engaging film nor was it well-told
  2081 | D:5      | jacquesderrida: But it's all we need to begin a trial...
  2156 | D:5      | Noticed a sky beast
  2188 | D:5      | Killed a sky beast
  2188 | D:5      | Gained mutation: You are slightly more attuned to the shadows. [demonic ancestry]
  2188 | D:5      | Reached XP level 7. HP: 17/52 MP: 9/9
  2441 | D:4      | Reached * piety under Yredelemnul
  2468 | D:4      | Found a sacrificial altar of Ru.
  2511 | D:6      | Noticed Sigmund
  2532 | D:6      | Killed Sigmund
  2532 | D:6      | Reached skill level 5 in Invocations
  2589 | D:6      | Reached skill level 6 in Invocations
  2909 | D:6      | Gained mutation: You sometimes gain a little power by taking damage. [demonic ancestry]
  2909 | D:6      | Reached XP level 8. HP: 61/61 MP: 11/11
  2973 | D:6      | Reached skill level 5 in Fighting
  3018 | D:7      | Reached skill level 7 in Invocations
  3275 | D:8      | Reached skill level 8 in Invocations
  3292 | D:8      | time to train weapon?
  3317 | D:8      | Noticed a two-headed ogre
  3339 | D:8      | Killed a two-headed ogre
  3374 | D:7      | Found Vegrulaw's Antique Weapon Shoppe.
  3379 | D:7      | Reached skill level 9 in Invocations
  3384 | D:7      | Bought an iridescent falchion for 256 gold pieces
  3384 | D:7      | Identified the +6 falchion of Jeeg {elec, *Noise Int+9} (You bought it in a shop on level 7 of the Dungeon)
  3385 | D:7      | yep
  3407 | D:7      | Noticed Menkaure
  3428 | D:7      | Killed Menkaure
  3428 | D:7      | Reached skill level 1 in Long Blades
  3446 | D:7      | Found Cuitsiqu's Book Shop.
  3458 | D:7      | Noticed Prince Ribbit
  3467 | D:7      | Noticed Pikel
  3511 | D:7      | Killed Prince Ribbit
  3511 | D:7      | Reached XP level 9. HP: 23/72 MP: 7/14
  3538 | D:8      | Noticed Maurice
  3558 | D:8      | Killed Maurice
  3739 | D:7      | Reached ** piety under Yredelemnul
  3746 | D:7      | Reached skill level 1 in Armour
  3826 | D:7      | Killed Pikel
  3826 | D:7      | Reached skill level 5 in Long Blades
  4124 | D:8      | Reached XP level 10. HP: 55/80 MP: 15/15
  4253 | D:9      | Noticed WhatIsLove's ghost (novice FoFi)
  4270 | D:9      | 4thArraOfDagon: he cant even dig
  4270 | D:9      | 4thArraOfDagon: this is fake fo
  4480 | D:9      | Found Doestruab's Gadget Shoppe.
  4505 | D:10     | Entered Level 10 of the Dungeon
  4562 | D:10     | Noticed Nergalle
  4775 | D:9      | Reached *** piety under Yredelemnul
  4977 | D:10     | Noticed Grum
  5004 | D:10     | Noticed a hill giant
  5016 | D:10     | Killed a hill giant
  5128 | D:10     | Killed Grum
  5324 | D:10     | Found an opulent altar of Gozag.
  5336 | D:10     | Learned a level 2 spell: Stoneskin
  5337 | D:10     | Noticed a hill giant
  5342 | D:10     | Noticed a hill giant
  5375 | D:10     | Killed a hill giant
  5375 | D:10     | Reached skill level 1 in Transmutations
  5375 | D:10     | Reached skill level 1 in Earth Magic
  5398 | D:10     | Killed a hill giant
  5499 | D:10     | Noticed a hill giant
  5510 | D:10     | Killed a hill giant
  5510 | D:10     | Reached XP level 11. HP: 50/89 MP: 16/16
  5559 | D:10     | Noticed a spectral orc warlord
  5562 | D:10     | Killed Nergalle
  5749 | D:11     | Found a staircase to the Lair.
  5800 | D:11     | Found Wuokupef's Armour Shoppe.
  5840 | D:11     | Found Dipuoh's Jewellery Shop.
  5843 | D:11     | Bought a cursed ring of teleportation for 232 gold pieces
  5851 | D:11     | Found Nennetz's General Store.
  5857 | D:11     | Bought a scroll of teleportation for 48 gold pieces
  6104 | D:11     | Got a spiked chain mail
  6106 | D:11     | Got a fine quarterstaff {vamp}
  6118 | D:11     | Identified the +5 chain mail of the Ant {rElec MR+ Dex+4} (You found it on level 11 of the Dungeon)
  6158 | D:11     | Noticed an ogre mage
  6167 | D:11     | Killed an ogre mage
  6167 | D:11     | Reached skill level 1 in Evocations
  6168 | D:11     | Received a gift from Yredelemnul
  6276 | D:11     | Reached skill level 5 in Dodging
  6382 | D:12     | Noticed a deep elf mage
  6445 | D:12     | Killed a deep elf mage
  6648 | D:11     | Noticed Sonja
  6666 | D:11     | Killed Sonja
  7019 | D:13     | Noticed a deep elf mage
  7216 | D:13     | Noticed a vault guard
  7334 | D:15     | Entered Level 15 of the Dungeon
  7376 | D:13     | Reached **** piety under Yredelemnul
  7449 | D:13     | Noticed a hill giant
  7462 | D:13     | Killed a hill giant
  7465 | D:13     | Noticed a hill giant
  7473 | D:13     | Killed a hill giant
  7475 | D:13     | Noticed a centaur warrior
  7489 | D:13     | Killed a centaur warrior
  7489 | D:13     | Reached XP level 12. HP: 30/96 MP: 8/17
  7916 | D:11     | Found Beedomugue's Antique Weapon Shop.
  8072 | D:11     | Found a staircase to the Orcish Mines.
  8170 | Orc:1    | Entered Level 1 of the Orcish Mines
  8199 | D:11     | Received a gift from Yredelemnul
  8323 | Orc:2    | Entered Level 2 of the Orcish Mines
  8342 | Orc:2    | Found a roughly hewn altar of Beogh.
  8374 | Orc:2    | Found a roughly hewn altar of Beogh.
  8375 | Orc:2    | Noticed an orc high priest
  8376 | Orc:2    | Received a gift from Yredelemnul
  8386 | Orc:2    | Found Riarysmont's Antique Weapon Boutique.
  8392 | Orc:2    | Killed an orc high priest
  8420 | Orc:2    | Noticed Donald
  8491 | Orc:2    | Killed Donald
  8491 | Orc:2    | Reached skill level 5 in Transmutations
  8491 | Orc:2    | Reached skill level 5 in Earth Magic
  8544 | Orc:1    | Found a bloodstained altar of Trog.
  8555 | Orc:1    | Reached ***** piety under Yredelemnul
  8573 | Orc:1    | Received a gift from Yredelemnul
  8580 | Orc:1    | Reached skill level 10 in Invocations
  8722 | Orc:2    | Found a roughly hewn altar of Beogh.
  8844 | Orc:1    | Found Baisk's Armour Shop.
  8854 | Orc:1    | Received a gift from Yredelemnul
  8881 | Orc:1    | Bought a +1 buckler of reflection for 216 gold pieces
  8890 | Orc:2    | 4thArraOfDagon: wow
  8903 | Orc:2    | Found a staircase to the Elven Halls.
  8916 | Orc:2    | Found a roughly hewn altar of Beogh.
  8916 | Orc:2    | Noticed an orc high priest
  8917 | Orc:2    | Found Viebyseo's Food Shoppe.
  8930 | Orc:2    | Killed an orc high priest
  8974 | Orc:2    | Reached skill level 1 in Shields
  9075 | Orc:2    | Received a gift from Yredelemnul
  9135 | Orc:2    | Noticed an orc warlord
  9150 | Orc:2    | Killed an orc warlord
  9251 | Orc:2    | Reached skill level 10 in Fighting
  9261 | Orc:2    | Noticed Saint Roka
  9265 | Orc:2    | op wwo
  9265 | Orc:2    | Received a gift from Yredelemnul
  9270 | Orc:2    | jacquesderrida: PAIN
  9281 | Orc:2    | jacquesderrida: ayyyy, a crossbow
  9321 | Orc:2    | Killed Saint Roka
  9321 | Orc:2    | Reached skill level 11 in Invocations
  9321 | Orc:2    | Gained mutation: You are surrounded by a moderate repulsion field (EV +3). [demonic ancestry]
  9321 | Orc:2    | Reached XP level 13. HP: 65/103 MP: 16/19
  9364 | Orc:2    | Found Iseufem's Antique Armour Shop.
  9365 | Orc:2    | Found a roughly hewn altar of Beogh.
  9367 | Orc:2    | Found Quraqomasa's Antique Weapon Boutique.
  9513 | D:10     | BLOAX: Ds of Yred?
  9513 | D:10     | BLOAX: that's some weird-ass shit m8
  9513 | D:10     | 4thArraOfDagon: i thought this might quite fun
  9602 | D:7      | Bought the Collected Works on Torrid Protection for 608 gold pieces
  9605 | D:7      | Learned a level 2 spell: Song of Slaying
  9609 | D:7      | smite city online
  9623 | D:7      | Learned a level 3 spell: Spectral Weapon
  9628 | D:7      | Learned a level 4 spell: Sticky Flame
  9716 | Lair:1   | Entered Level 1 of the Lair of Beasts
  9775 | Lair:1   | Reached skill level 1 in Hexes
  9787 | Lair:1   | Reached skill level 1 in Fire Magic
  9789 | Lair:1   | Reached skill level 1 in Charms
 10273 | Lair:2   | Identified a +2 rod of inaccuracy (9/9) (You found it on level 2 of the Lair of Beasts)
 10399 | Lair:3   | Found a staircase to the Shoals.
 10583 | Lair:2   | Noticed Fannar
 10896 | Lair:4   | Received a gift from Yredelemnul
 11162 | Lair:5   | Found a hole to the Spider Nest.
 11210 | Lair:5   | Received a gift from Yredelemnul
 11214 | Lair:5   | Reached skill level 10 in Long Blades
 11351 | Lair:6   | Found a staircase to the Slime Pits.
 11412 | Lair:6   | Received a gift from Yredelemnul
 11861 | Lair:7   | Reached skill level 5 in Armour
 11861 | Lair:7   | Reached skill level 12 in Invocations
 11880 | Lair:7   | Gained mutation: You are significantly more attuned to the shadows. [demonic ancestry]
 11880 | Lair:7   | Reached XP level 14. HP: 80/110 MP: 20/20
 11903 | Lair:7   | Reached skill level 5 in Shields
 11920 | Lair:7   | Received a gift from Yredelemnul
 12235 | Lair:8   | Entered Level 8 of the Lair of Beasts
 12574 | Lair:8   | Received a gift from Yredelemnul
 12714 | Lair:8   | Reached ****** piety under Yredelemnul
 12739 | Lair:8   | Received a gift from Yredelemnul
 12966 | Lair:8   | Reached skill level 13 in Invocations
 13059 | Lair:8   | Got a jewelled leather armour
 13106 | Lair:7   | Identified the cursed +1 leather armour of the Alphagorgon {rPois rN+} (You found it on level 8 of the Lair of Beasts)
 13121 | Lair:7   | i am the alphagorgon
 13270 | Shoals:1 | Entered Level 1 of the Shoals
 13415 | Shoals:1 | Received a gift from Yredelemnul
 13496 | Shoals:1 | Learned a level 3 spell: Regeneration
 13551 | Shoals:1 | Received a gift from Yredelemnul
 13931 | Shoals:2 | Reached skill level 14 in Invocations
 14061 | Shoals:2 | Found Nuas's Food Shop.
 14342 | Shoals:2 | Identified a scroll of acquirement
 14463 | Shoals:4 | Entered Level 4 of the Shoals
 14509 | Shoals:4 | Received a gift from Yredelemnul
 14537 | Shoals:4 | Reached XP level 15. HP: 52/115 MP: 23/23
 14583 | Shoals:4 | Received a gift from Yredelemnul
 14637 | Shoals:4 | Got a barnacled rune of Zot
 14866 | Shoals:4 | Noticed Ilsuiw
 14886 | Shoals:4 | Received a gift from Yredelemnul
 14896 | Shoals:4 | Killed Ilsuiw
 15041 | Shoals:3 | Received a gift from Yredelemnul
 15042 | Shoals:3 | Reached skill level 15 in Invocations
 15112 | Shoals:3 | Kolbur: hey
 15115 | Shoals:3 | 4thArraOfDagon: hi
 15115 | Shoals:3 | 4thArraOfDagon: wb
 15115 | Shoals:3 | Kolbur: how do you rate a elec falchion?
 15115 | Shoals:3 | 4thArraOfDagon: quite good
 15115 | Shoals:3 | 4thArraOfDagon: especially with that int boost
 15115 | Shoals:3 | Kolbur: yeah that's a lot
 15134 | Shoals:3 | Got an ancient robe
 15147 | Shoals:3 | Identified the cursed +0 robe "Azueseeh" {*Contam rElec Regen+ Stlth+} (You found it on level 3 of the Shoals)
 15206 | Shoals:3 | Found Aluown's Armour Shoppe.
 15498 | Shoals:1 | Received a gift from Yredelemnul
 15515 | Shoals:1 | Kolbur: have you ever won with yred?
 15538 | Lair:3   | 4thArraOfDagon: no
 15538 | Lair:3   | 4thArraOfDagon: im still learning him
 15550 | Lair:3   | Kolbur: wow, 3 ghosts of the same dude lol
 15550 | Lair:3   | 4thArraOfDagon: haha yea
 15550 | Lair:3   | 4thArraOfDagon: ok lets try spider
 15630 | Spider:1 | Entered Level 1 of the Spider Nest
 15634 | Spider:1 | Noticed a ghost moth
 15646 | Spider:1 | Killed a ghost moth
 15707 | Spider:1 | Received a gift from Yredelemnul
 15707 | Spider:1 | Kolbur: you can use stop recalling to only get a few elite dudes while slowly building up a larger undead army for emergencies
 15713 | Spider:1 | 4thArraOfDagon: yea
 15713 | Spider:1 | 4thArraOfDagon: i figured
 16204 | Spider:2 | Noticed a ghost moth
 16215 | Spider:2 | Killed a ghost moth
 16273 | Spider:2 | Reached skill level 5 in Evocations
 16350 | Spider:2 | 4thArraOfDagon: hmm
 16350 | Spider:2 | 4thArraOfDagon: enslaving that snail
 16350 | Spider:2 | 4thArraOfDagon: should be op
 16350 | Spider:2 | 4thArraOfDagon: it slows everything on sight, right?
 16351 | Spider:2 | Kolbur: worth a try
 16593 | Spider:2 | Kolbur: ah, enslave soul needs at least normal intelligence
 16635 | Spider:2 | 4thArraOfDagon: ohh
 16733 | Spider:3 | Noticed Mara
 16746 | Spider:3 | Received a gift from Yredelemnul
 16778 | Spider:4 | Entered Level 4 of the Spider Nest
 16916 | Spider:3 | 4thArraOfDagon: uhh
 16916 | Spider:3 | 4thArraOfDagon: he is intelligent
 16920 | Spider:3 | Killed Mara
 16920 | Spider:3 | Reached skill level 16 in Invocations
 16920 | Spider:3 | Gained mutation: You sometimes gain power by taking damage. [demonic ancestry]
 16920 | Spider:3 | Reached XP level 16. HP: 113/122 MP: 20/25
 17016 | Spider:4 | Received a gift from Yredelemnul
 17223 | Spider:4 | Got a warped blowgun
 17224 | Spider:4 | Identified the +6 blowgun of the Butterfly {evade, rC+ Str+3 Stlth+} (You found it on level 4 of the Spider Nest)
 17553 | Spider:4 | Kolbur: who?
 17553 | Spider:4 | 4thArraOfDagon: mara
 17553 | Spider:4 | 4thArraOfDagon: but he was demon :(
 17553 | Spider:4 | 4thArraOfDagon: couldnt enslave him
 17553 | Spider:4 | Kolbur: yes, needs to be zombifieable too
 17903 | Spider:4 | Reached skill level 17 in Invocations
 17909 | Spider:4 | Received a gift from Yredelemnul
 18060 | Spider:4 | Got a gossamer rune of Zot
 18267 | Slime:1  | Entered Level 1 of the Pits of Slime
 18381 | Slime:1  | Noticed an acid blob
 18390 | Slime:1  | Killed an acid blob
 18390 | Slime:1  | Reached skill level 10 in Dodging
 18506 | Slime:2  | Noticed an acid blob
 18559 | Slime:1  | 4thArraOfDagon: man
 18559 | Slime:1  | jacquesderrida: +6 falchion lyfe
 18559 | Slime:1  | 4thArraOfDagon: its elect
 18559 | Slime:1  | 4thArraOfDagon: wtf
 18559 | Slime:1  | jacquesderrida: nat enaff
 18559 | Slime:1  | 4thArraOfDagon: and this jelly is almost dead for eternity already
 18561 | Slime:1  | 4thArraOfDagon: might
 18561 | Slime:1  | jacquesderrida: oiiiii
 18568 | Slime:1  | jacquesderrida: deng
 18700 | Slime:2  | Noticed an acid blob
 18796 | Slime:1  | Noticed an acid blob
 18798 | Slime:1  | 4thArraOfDagon: im dead
 18814 | Slime:1  | Noticed an acid blob
 18819 | Slime:1  | Killed an acid blob
 18823 | Slime:1  | Killed an acid blob
 18850 | Slime:1  | Gained mutation: You regenerate slowly when monsters are visible. [a shining eye]
 18852 | Slime:1  | 4thArraOfDagon: rip
 18852 | Slime:1  | jacquesderrida: wowza
 18852 | Slime:1  | 4thArraOfDagon: regen rip
 18852 | Slime:1  | jacquesderrida: aaaa
 18911 | Slime:1  | Received a gift from Yredelemnul
 18938 | Slime:1  | Gained mutation: Your body sometimes deteriorates upon taking damage. [a shining eye]
 18941 | Slime:1  | Gained mutation: Scrolls take you longer to read. [a shining eye]
 18945 | Slime:1  | 4thArraOfDagon: scrolls rip
 19046 | Slime:2  | Killed an acid blob
 19192 | Slime:2  | Noticed an acid blob
 19234 | Slime:1  | 4thArraOfDagon: can they die on other floors?
 19234 | Slime:1  | 4thArraOfDagon: like i will leave them here and ascend to another level?
 19258 | Slime:4  | lets hope not
 19281 | Slime:6  | Entered Level 6 of the Pits of Slime
 19281 | Slime:6  | Noticed an acid blob
 19294 | Slime:6  | Killed an acid blob
 19423 | Slime:6  | Noticed an acid blob
 19436 | Slime:6  | Killed an acid blob
 19439 | Slime:6  | Killed an acid blob
 19464 | Slime:5  | Noticed an acid blob
 19465 | Slime:5  | Noticed an acid blob
 19472 | Slime:5  | Killed an acid blob
 19473 | Slime:5  | Killed an acid blob
 19473 | Slime:5  | Gained mutation: You have hooves in place of feet. [demonic ancestry]
 19473 | Slime:5  | Reached XP level 17. HP: 78/128 MP: 26/26
 19625 | Slime:6  | Reached skill level 18 in Invocations
 19628 | Slime:6  | Noticed the Royal Jelly
 19628 | Slime:6  | Noticed an acid blob
 19692 | Slime:5  | Noticed an acid blob
 19696 | Slime:5  | Killed an acid blob
 19739 | Slime:5  | Dirtsage: slime is fun
 19760 | Slime:5  | Received a gift from Yredelemnul
 19846 | Slime:6  | Noticed an acid blob
 19848 | Slime:6  | Noticed an acid blob
 19855 | Slime:6  | Killed an acid blob
 19863 | Slime:6  | Killed an acid blob
 19885 | Slime:6  | Dirtsage: rip servitor
 19999 | Slime:6  | Found a viscous altar of Jiyva.
 20015 | Slime:6  | Noticed an acid blob
 20016 | Slime:6  | Noticed an acid blob
 20017 | Slime:6  | Noticed an acid blob
 20023 | Slime:6  | Noticed an acid blob
 20025 | Slime:6  | Noticed an acid blob
 20025 | Slime:6  | Killed an acid blob
 20026 | Slime:6  | Noticed an acid blob
 20027 | Slime:6  | Killed the Royal Jelly
 20027 | Slime:6  | Noticed an acid blob
 20027 | Slime:6  | Noticed an acid blob
 20033 | Slime:6  | Killed an acid blob
 20039 | Slime:6  | Killed an acid blob
 20040 | Slime:6  | Killed an acid blob
 20110 | Slime:5  | Received a gift from Yredelemnul
 20192 | Slime:6  | Noticed an acid blob
 20198 | Slime:5  | Killed an acid blob
 20312 | Slime:6  | Killed an acid blob
 20569 | Slime:5  | Killed an acid blob
 20705 | Slime:6  | Killed an acid blob
 21030 | Slime:5  | Noticed an acid blob
 21128 | Slime:5  | Killed an acid blob
 21160 | Slime:6  | Noticed an acid blob
 21165 | Slime:6  | Killed an acid blob
 21184 | Slime:6  | Mangled by an acid blob

Vault maps used:
D:1:      nicolae_arrival_washed_ashore, minivault_24, minmay_liquid_box
D:2:      uniq_jessica, uniq_terence
D:3:      first_bread
D:4:      nicolae_ru_path_of_blood, uniq_robin, uniq_crazy_yiuf_cottage
D:5:      basic_altar
D:6:      uniq_sigmund
D:7:      grunt_temple_overflow_bloody_war, serial_shops, kennysheep_mini_moat,
          shop, basic_altar, uniq_prince_ribbit1, uniq_menkaure, uniq_pikel
D:8:      hangedman_pestilent_swarm, uniq_maurice
D:9:      serial_shops, shop
D:10:     basic_altar, uniq_grum, uniq_nergalle
D:11:     due_lair_maze_entry_diamond, david_orc_3, serial_shops,
          nicolae_shop_behind_doors, shop, nicolae_shop_crystal,
          nicolae_shop_behind_doors, shop, minmay_diamond_spiral, uniq_sonja
D:13:     grunt_vaults_entry_fortified, minmay_misc_feat_five
D:15:     grunt_enter_depths_magical_seal, minmay_misc_feat_four_crosses,
          hex_intersection, uniq_azrael
Temple:   nicolae_temple_no_exploring_needed
Lair:2:   minmay_lindwurm_lava, uniq_fannar
Lair:3:   minmay_shoals_entry_lonely_mermaid, st_stairs_9, grunt_megastairs_3
Lair:4:   minivault_25
Lair:5:   spider_nest_entry_rubble, serial_bayou_shore_a
Lair:6:   nicolae_slime_entry_slimehenge, lemuel_fruit_fields
Lair:7:   st_stairs_7, grunt_megastairs_4
Lair:8:   minmay_lair_end_enchanted_forest, infiniplex_staircase_pool
Shoals:2: serial_shops, nicolae_shop_scaring_up_business,
          nicolae_shoals_undead_eyrie
Shoals:3: serial_shops, nicolae_shop_crystal
Shoals:4: shoals_end_grunt_ice, shoals_ilsuiw_ice, serial_shops,
          nicolae_shop_waterfront, nicolae_shoals_loop_pool
Spider:2: uniq_kirke
Spider:3: uniq_mara
Spider:4: guppyfry_spider_rune
Slime:1:  nicolae_slime_phagocytosis
Slime:2:  cheibrodos_slime_lost_civilization_1,
          cheibrodos_slime_lost_civilization_6
Slime:3:  cheibrodos_slime_lost_civilization_4
Orc:1:    basic_altar, serial_shops, shop
Orc:2:    grunt_orc_community_town_hall, grunt_orc_community_big_house_1,
          grunt_orc_community_big_house_1, grunt_orc_community_house_3,
          grunt_orc_community_house_2, grunt_orc_community_house_2,
          grunt_orc_community_house_1, grunt_orc_community_house_3,
          special_room, uniq_donald

Action                   |  1- 3 |  4- 6 |  7- 9 | 10-12 | 13-15 | 16-18 || total
-------------------------+-------+-------+-------+-------+-------+-------++-------
Melee: Club              |    19 |       |       |       |       |       ||    19
       Unarmed           |     1 |       |       |       |       |       ||     1
       Short sword       |    25 |    86 |   128 |       |       |       ||   239
       Quarterstaff      |       |     1 |       |       |       |       ||     1
       Falchion          |       |       |    82 |   723 |  1134 |   474 ||  2413
       Demon blade       |       |       |       |       |    18 |    57 ||    75
Throw: Tomahawk          |       |       |     1 |     2 |       |       ||     3
 Cast: Shock             |    44 |    53 |    62 |    14 |       |       ||   173
       Repel Missiles    |     1 |     1 |       |     5 |     1 |     3 ||    11
       Static Discharge  |       |       |    19 |    20 |     7 |       ||    46
       Stoneskin         |       |       |       |     5 |       |       ||     5
       Spectral Weapon   |       |       |       |       |     9 |    31 ||    40
       Regeneration      |       |       |       |       |    36 |    79 ||   115
Invok: Animate Dead      |       |       |       |     9 |    36 |    28 ||    73
       Drain Life        |       |       |       |     5 |    25 |    12 ||    42
       Recall Undead Sla |       |       |       |       |    13 |    13 ||    26
 Abil: Evoke Teleportati |       |       |       |       |     1 |       ||     1
Evoke: Wand              |       |     3 |    11 |       |     2 |     7 ||    23
       Deck              |       |       |       |       |     3 |     4 ||     7
       Fan of gales      |       |       |       |       |       |     2 ||     2
       Phial of floods   |       |       |       |       |       |     2 ||     2
       Box of beasts     |       |       |       |       |       |    12 ||    12
  Use: Scroll            |       |     6 |    12 |     4 |    30 |     2 ||    54
       Potion            |       |       |       |     1 |     6 |    16 ||    23
 Stab: Sleeping          |       |     1 |     2 |    10 |    14 |     1 ||    28
       Distracted        |       |       |       |     5 |     9 |    17 ||    31
       Paralysed         |       |       |       |       |     6 |       ||     6
  Eat: Chunk             |     1 |    10 |     9 |    20 |    26 |     2 ||    68
       Beef jerky        |       |     1 |       |     1 |     3 |       ||     5
       Fruit             |       |       |       |     2 |    13 |    20 ||    35
       Pizza             |       |       |       |       |     1 |       ||     1
       Royal jelly       |       |       |       |       |     1 |     4 ||     5
